 Dungeon Crawl Stone Soup version 0.20.0-10-g0535bb4 (webtiles) character file.

553 Dfrag the Firebug (level 7, 34/46 HPs)
             Began as a Demonspawn Fire Elementalist on June 7, 2017.
             Quit the game on level 4 of the Dungeon.
             The game lasted 00:06:01 (2793 turns).

Dfrag the Firebug (Demonspawn Fire Elementalist)    Turns: 2793, Time: 00:06:01

Health: 34/46      AC:  6    Str:  8    XL:     7   Next: 8%
Magic:  3/13       EV: 18    Int: 18    God:
Gold:   216        SH:  0    Dex: 14    Spells: 6/14 levels left

rFire    . . .     SeeInvis .   C - +1 dagger (venom)
rCold    . . .     Gourm    .   (no shield)
rNeg     . . .     Faith    .   a - +0 robe
rPois    .         Spirit   .   v - +0 helmet
rElec    .         Reflect  .   (no cloak)
rCorr    +         Harm     .   (no gloves)
MR       .....                  s - +0 pair of boots
Stlth    ++........             d - amulet of rage
Regen    0.2/turn               u - +6 ring of evasion
MPRegen  0.2/turn               z - ring of resist corrosion

@: very slightly contaminated
A: hooves 1, icy blue scales 1, spiny 1
a: Evoke Berserk Rage


You were on level 4 of the Dungeon.
You were not hungry.

You visited 2 branches of the dungeon, and saw 5 of its levels.

You collected 216 gold pieces.

Inventory:

Hand Weapons
 h - a +1 club
 C - a +1 dagger of venom (weapon)
Armour
 a - a +0 robe (worn)
 s - a +0 pair of boots (worn)
 v - a +0 helmet (worn)
Jewellery
 d - an amulet of rage (around neck)
 u - a +6 ring of evasion (left hand)
 z - a ring of resist corrosion (right hand)
Wands
 B - a wand of flame (35/48)
Scrolls
 f - a scroll of remove curse
 g - a scroll of teleportation
 o - 3 scrolls of identify
 q - a scroll of enchant weapon
 t - a scroll of magic mapping
 w - 2 scrolls of blinking
 y - a scroll of enchant armour {unknown}
 A - a scroll of amnesia {unknown}
Potions
 e - a potion of ambrosia
 j - 3 potions of haste {unknown}
 k - a potion of heal wounds {unknown}
 l - 5 potions of curing {unknown}
 m - 2 potions of magic {unknown}
 p - 2 potions of agility {unknown}
 r - a potion of flight {unknown}
Books
 b - a book of Flames

   Spells                             Type                      Level
   a - Flame Tongue                   Conjuration/Fire             1
   b - Throw Flame                    Conjuration/Fire             2
   c - Conjure Flame                  Conjuration/Fire             3
   d - Inner Flame                    Hexes/Fire                   3
   e - Sticky Flame                   Conjuration/Fire             4
   f - Fireball                       Conjuration/Fire             5
Comestibles
 c - 5 bread rations
 i - a royal jelly
 x - 2 meat rations


   Skills:
 - Level 1.7 Dodging
 - Level 1.7 Stealth
 + Level 4.3 Spellcasting
 + Level 4.2 Conjurations
 + Level 4.9 Fire Magic


You had 6 spell levels left.
You knew the following spells:

 Your Spells              Type           Power        Failure   Level  Hunger
a - Flame Tongue          Conj/Fire      ###..        2%          1    None
b - Conjure Flame         Conj/Fire      ###.....     6%          3    ###....
c - Sticky Flame          Conj/Fire      ###.....     22%         4    ####...


Dungeon Overview and Level Annotations

Branches:
Dungeon (4/15)             Temple (1/1) D:4

Altars:
Ashenzari
Cheibriados
Dithmenos
Elyvilon
Fedhas
Gozag
Makhleb
Nemelex Xobeh
Okawaru
Qazlal
Ru
Trog
Uskayaw
Yredelemnul
Zin
The Shining One


Innate Abilities, Weirdness & Mutations

You have large cloven feet.
You are partially covered in icy blue scales. (AC +2)
You are partially covered in sharp spines.


Message History

Casting: Flame Tongue
Confirm with . or Enter, or press ? or * to list all spells.
You can't see any susceptible monsters within range! (Use Z to cast anyway.) Unknown command.
Casting: Flame Tongue
Confirm with . or Enter, or press ? or * to list all spells.
Aiming: Flame Tongue
Press: ? - help, Shift-Dir - straight line, f/p - phantom
Aim: a phantom (almost destroyed)
The flame tongue hits the phantom.
You destroy the phantom!
Your Conjurations skill increases to level 4!
You have reached level 7!
Your demonic ancestry asserts itself...
Sharp spines emerge from parts of your body.
Casting: Flame Tongue
Confirm with . or Enter, or press ? or * to list all spells.
You can't see any susceptible monsters within range! (Use Z to cast anyway.) Unknown command.
Are you sure you want to abandon this character and quit the game? (Confirm with "yes".)

#.##.###.### ##.## ## #.##.#
#.# #.# .. #.##.###.# #.# ..
#........## ##'## #.
##........# ##...# #.
#.#.####.###..... # #.
#.#..###.##......
....##.#####.#...##.#.......
...........@........+.......
....##.#####.#...##.#.......
. ...#####.....>..#.......
#.####.........####.#..... #
#.###.....# #....... #.#
#.##..# #.8.8.8. #.# #.###.#
#..⌠.⌠.. #.###.###.#
#.8.>.8. #.).......#
#..⌠.⌠..


There were no monsters in sight!

Vanquished Creatures
  An ogre (D:4)
  A phantom (D:4)
  A big kobold (D:3)
  2 scorpions (D:4)
  An iguana (D:4)
  3 gnolls (D:3)
  8 adders
  An adder skeleton (D:4)
  A worm (D:2)
  2 dart slugs (D:2)
  2 leopard geckos
  7 orcs
  4 giant cockroaches
  9 goblins
  6 hobgoblins
  A quokka (D:4)
  A ball python (D:3)
  A ball python skeleton (D:4)
  6 bats
  5 kobolds
  6 rats
69 creatures vanquished.

Vanquished Creatures (others)
  An orc priest (D:4)
  An orc (D:4)
2 creatures vanquished.

Grand Total: 71 creatures vanquished

Notes
Turn   | Place    | Note
-------+----------+-------------------------------------------
     0 | D:1      | Dfrag the Demonspawn Fire Elementalist began the quest for the Orb.
     0 | D:1      | Reached XP level 1. HP: 13/13 MP: 3/3
   180 | D:1      | Gained mutation: You have large cloven feet. [demonic ancestry]
   180 | D:1      | Reached XP level 2. HP: 16/19 MP: 0/5
   888 | D:2      | Gained mutation: You are partially covered in icy blue scales. (AC +2) [demonic ancestry]
   888 | D:2      | Reached XP level 3. HP: 11/24 MP: 3/6
  1106 | D:2      | Found a hide-covered altar of Uskayaw.
  1465 | D:3      | Reached XP level 4. HP: 30/30 MP: 6/8
  1624 | D:3      | Noticed a big kobold
  1676 | D:3      | Killed a big kobold
  1676 | D:3      | Reached XP level 5. HP: 35/35 MP: 9/9
  1906 | D:3      | Learned a level 3 spell: Conjure Flame
  1911 | D:3      | Learned a level 4 spell: Sticky Flame
  2087 | D:3      | Found a glowing golden altar of the Shining One.
  2175 | D:4      | Reached XP level 6. HP: 40/41 MP: 2/11
  2378 | D:4      | Found a staircase to the Ecumenical Temple.
  2393 | Temple   | Entered the Ecumenical Temple
  2792 | D:4      | Gained mutation: You are partially covered in sharp spines. [demonic ancestry]
  2792 | D:4      | Reached XP level 7. HP: 33/46 MP: 3/13
  2793 | D:4      | Quit the game

Skill      XL: |  1  2  3  4  5  6 |
---------------+-------------------+-----
Fire Magic     | 3 4 |  4.9
Conjurations   | 2 3 4 |  4.2
Spellcasting   | 3 4 |  4.3
Dodging        | |  1.7
Stealth        | |  1.7

Action                   |  1- 3 |  4- 6 |  7- 9 || total
-------------------------+-------+-------+-------++-------
Melee: Unarmed           |    15 |       |       ||    15
       Club              |    34 |    38 |       ||    72
       Kick              |     3 |       |       ||     3
       Dagger            |       |     8 |       ||     8
 Cast: Flame Tongue      |    52 |    82 |     1 ||   135
       Sticky Flame      |       |     1 |       ||     1
 Abil: Evoke Berserk Rag |       |     1 |       ||     1
  Use: Potion            |       |     1 |       ||     1
       Scroll            |       |     6 |       ||     6
 Stab: Distracted        |       |     1 |       ||     1
  Eat: Chunk             |     3 |     5 |       ||     8
Armor: Robe              |    26 |    25 |       ||    51
Dodge: Dodged            |    58 |    71 |       ||   129
